 Dungeon Crawl Stone Soup version 0.27.1-1-g398f81649c (webtiles) character file.

Game seed: 8124701194446034975

116 Kala the Ruffian (level 4, 0/37 HPs)
             Began as a Draconian Transmuter on Sept 7, 2021.
             Slain by an orc priest (5 damage)
             ... on level 3 of the Dungeon.
             The game lasted 00:06:17 (2541 turns).

Kala the Ruffian (Draconian Transmuter)             Turns: 2541, Time: 00:06:17

Health: 0/37       AC:  5    Str: 19    XL:     4   Next: 69%
Magic:  6/7        EV: 12    Int: 14    God:
Gold:   76         SH:  0    Dex: 11    Spells: 4/7 levels left

rFire    . . .     SeeInvis .     - Unarmed
rCold    . . .     Faith    .   (no shield)
rNeg     . . .     Spirit   .   (armour unavailable)
rPois    +         Reflect  .   (helmet currently unavailable)
rElec    .         Harm     .   (no cloak)
rCorr    .         Rampage  .   (no gloves)
Will     .....                  (boots currently unavailable)
Stlth    +.........             (no amulet)
HPRegen  0.12/turn              a - +6 ring of strength
MPRegen  0.10/turn              f - ring of poison resistance

@: appendages
A: horns 2, talons 2, AC +5, unfitting armour, cold-blooded
a: End Transformation


You were on level 3 of the Dungeon.
You had temporarily grown beastly horns and talons.
You visited 1 branch of the dungeon, and saw 3 of its levels.

You collected 76 gold pieces.

Inventory:

Jewellery
 a - a +6 ring of strength (left hand)
 f - a ring of poison resistance (right hand)
 g - an amulet of faith
Scrolls
 b - a scroll of magic mapping {unknown}
 c - a scroll of enchant armour {unknown}
 e - 2 scrolls of identify {unknown}
Potions
 d - 2 potions of lignification {unknown}


   Skills:
 + Level 2.3 Fighting
 - Level 1.7 Dodging
 + Level 3.6 Unarmed Combat
 - Level 2.0 Spellcasting
 * Level 3.4 Transmutations
 + Level 1.7 Ice Magic


You had 4 spell levels left.
You knew the following spells:

 Your Spells              Type           Power      Damage    Failure   Level
a - Beastly Appendage     Tmut           22%        N/A       6%          1
b - Wereblood             Tmut           11%        N/A       9%          2

Your spell library contained the following spells:

 Spells                   Type           Power      Damage    Failure   Level
 Ozocubu's Armour         Ice            6%         N/A       34%         3
 Spider Form              Tmut/Pois      3%         N/A       34%         3
 Ice Form                 Ice/Tmut       8%         N/A       63%         4
 Ozocubu's Refrigeration  Ice            3%         4d5       100%        7


Dungeon Overview and Level Annotations

Branches:
Dungeon (3/15)

Altars:
Makhleb
Uskayaw


Innate Abilities, Weirdness & Mutations

You have temporarily grown beastly horns and talons.
Your plain brown scales are hard. (AC +5)
You cannot fit into any form of body armour.
You are cold-blooded and may be slowed by cold attacks.


Message History

The endoplasm quivers.
The bat hits you but does no damage.
You hit the bat.
You kill the bat!
You hit the endoplasm.
You claw the endoplasm, but do no damage.
Your punch misses the endoplasm.
The endoplasm is severely wounded.
The endoplasm freezes you.
You are frozen.
You hit the endoplasm.
You kill the endoplasm!
The orc priest invokes the aid of Beogh against you.
Pain shoots through your body! The orc barely misses you.
You punch the orc!
You kill the orc!
The orc priest invokes the aid of Beogh against you.
Pain shoots through your body!
* * * LOW HITPOINT WARNING * * *
A kobold and an orc come into view.
Your horns disappear.
Your talons disappear.
The orc shouts!
The kobold shouts!
The orc priest hits you with a +0 mace.
* * * LOW HITPOINT WARNING * * *
A giant cockroach comes into view.
You barely miss the orc priest. You tail-slap the orc priest.
The orc priest is lightly wounded.
The orc priest looks satisfied for a moment.
A quokka comes into view.
Unknown command.
Sorry, you're not good enough to have a special ability.
Casting: Beastly Appendage (safe; 6% risk of failure)
Confirm with . or Enter, or press ? or * to list all spells.
Okay, then.
There is an open door here.
Casting: Beastly Appendage (safe; 6% risk of failure)
Confirm with . or Enter, or press ? or * to list all spells.
You grow a pair of large bovine horns.
Your feet morph into talons.
The orc priest hits you with a +0 mace.
You die...

# #...........
#.#...........
#.#........... #
#.....r..B....
....##.:.oK......
..........#+####
.##.#####B#.# #
...#o#.#
#.#@#.#######
#............
#............
#............
#............
#...)........
#.#'#'#######
#.#.#.#
########.#.#.#


You could see an orc priest, an orc, a quokka, a giant cockroach and a kobold.

Vanquished Creatures
  Jessica (D:2)
  4 gnolls (D:2)
  An adder (D:2)
  A dart slug (D:2)
  An orc (D:3)
  4 ball pythons
  3 endoplasms
  A giant cockroach (D:2)
  4 hobgoblins
  2 quokkas (D:2)
  4 bats
  3 frilled lizards
  4 goblins
  7 kobolds
  4 rats
44 creatures vanquished.

Vanquished Creatures (others)
  13 plants (D:2)
13 creatures vanquished.

Grand Total: 57 creatures vanquished

Notes
Turn   | Place    | Note
-------+----------+-------------------------------------------
     0 | D:1      | Kala the Draconian Transmuter began the quest for the Orb.
     0 | D:1      | Reached XP level 1. HP: 16/16 MP: 3/3
   424 | D:1      | Reached XP level 2. HP: 23/23 MP: 3/5
   869 | D:2      | Learned a level 2 spell: Wereblood
  1260 | D:2      | Reached skill level 1 in Ice Magic
  1295 | D:2      | Reached XP level 3. HP: 29/29 MP: 4/6
  1349 | D:2      | Reached XP level 4. HP: 28/36 MP: 5/7
  1467 | D:2      | Noticed Jessica
  1482 | D:2      | Killed Jessica
  2467 | D:3      | Found a hide-covered altar of Uskayaw.
  2486 | D:3      | Found a burning altar of Makhleb.
  2541 | D:3      | Slain by an orc priest

Illustrated notes

Levels and vault maps discovered:
D:1:      dpeg_arrival_boxorama, layout_loops_ring
D:2:      layout_basic, serial_forest, infiniplex_forest_lined_corner,
          infiniplex_forest_clump_large, infiniplex_forest_clump_large,
          infiniplex_forest_clump_cross, infiniplex_forest_clump_cross,
          infiniplex_forest_clump_medium, infiniplex_forest_lined_4_way,
          roderic_roman_lattice, grunt_decor_cap, minmay_misc_feat_alley,
          uniq_jessica
D:3:      layout_basic, mainiacjoe_overflow_swirl,
          hellmonk_ecumenical_altar_inner_sanctum

Skill      XL: |  1  2  3 |
---------------+----------+-----
Ice Magic      | 1 |  1.7
Fighting       | 2 |  2.3
Transmutations | 3 |  3.4
Dodging        | |  1.7
Unarmed Combat | |  3.6
Spellcasting   | |  2.0

Action                   |  1- 3 |  4- 6 || total
-------------------------+-------+-------++-------
Melee: Unarmed           |    72 |    38 ||   110
       Kick              |    15 |     5 ||    20
       Tailslap          |     8 |     1 ||     9
       Headbutt          |     9 |     2 ||    11
       Punch             |     1 |     1 ||     2
 Cast: Beastly Appendage |    23 |    10 ||    33
Armor: Skin              |    21 |     6 ||    27
Dodge: Dodged            |    35 |    22 ||    57
